[Event "3rd HoliCup Lake City 2019"]
[Site "Udaipur"]
[Date "2019.03.28"]
[Round "1"]
[White "Rathore, S.K."]
[Black "Akshita Jain"]
[Result "1-0"]
[ECO "C41"]
[WhiteElo "2092"]
[BlackElo "1243"]
[Annotator "NA RC"]
[PlyCount "47"]
[EventDate "2019.??.??"]
[EventCountry "IND"]
[SourceTitle "playchess.com"]
[Source "ChessBase"]
[SourceQuality "1"]
[TimeControl "5400+30"]

1. e4 e5 2. Bc4 d6 3. Nf3 Be7 4. d4 exd4 5. Nxd4 Nf6 6. Nc3 Nbd7 7. O-O O-O 8. f4 Nc5 9. Qf3 c6 10. Nb3 Be6 11. Bxe6 Nxe6 12. f5 Nc7 13. Bf4 Nd7 14. Rad1 Nb6 15. Qg3 Ne8 16. e5 Kh8 17. f6 gxf6 18. exd6 Rg8 19. dxe7 Qxe7 20. Qf3 Nc4 21. Rfe1 Qf8 22. Rd7 Ncd6 23. Bxd6 Nxd6 24. Qxf6+ 1-0

[Event "3rd HoliCup Lake City 2019"]
[Site "Udaipur"]
[Date "2019.03.28"]
[Round "1"]
[White "Pandey Srishti"]
[Black "Vidhate P G"]
[Result "1-0"]
[ECO "E73"]
[WhiteElo "2020"]
[BlackElo "1231"]
[Annotator "NA RC"]
[PlyCount "119"]
[EventDate "2019.??.??"]
[EventCountry "IND"]
[SourceTitle "playchess.com"]
[Source "ChessBase"]
[SourceQuality "1"]
[TimeControl "5400+30"]

1. d4 Nf6 2. c4 g6 3. Nc3 Bg7 4. e4 d6 5. Be2 O-O 6. Be3 Re8 7. g4 c6 8. g5 Nfd7 9. h4 Nf8 10. h5 e5 11. d5 f5 12. gxf6 Bxf6 13. hxg6 hxg6 14. Qd2 Re7 15. O-O-O Bd7 16. Nf3 c5 17. Rdg1 Be8 18. Nh2 Rh7 19. Ng4 Bg7 20. Bg5 Qd7 21. Bf6 a6 22. Qg5 Qf7 23. Bxg7 Kxg7 24. Nh6 Qf6 25. Nf5+ Kf7 26. Qxf6+ Kxf6 27. Nxd6 Nbd7 28. Nxb7 Rb8 29. Nd6 Bf7 30. Rxh7 Nxh7 31. Bg4 Ndf8 32. Na4 Ke7 33. Nc8+ Kd8 34. Na7 Be8 35. Nxc5 Nf6 36. Bh3 Rb6 37. b3 Nh5 38. Nc8 Rf6 39. Rf1 Nd7 40. Nxd7 Bxd7 41. Bxd7 Kxd7 42. Na7 Ng3 43. Re1 Rxf2 44. Re3 Nh5 45. Nc6 Kd6 46. Nb4 Nf4 47. Nxa6 Rxa2 48. c5+ Kd7 49. Nb8+ Kc7 50. Nc6 Ng2 51. Rg3 Nf4 52. Nxe5 Ra5 53. d6+ Kc8 54. b4 Ra4 55. Rf3 Ne2+ 56. Kd1 Nd4 57. Rf8+ Kb7 58. Rf7+ Ka6 59. d7 Rxb4 60. d8=Q 1-0

[Event "3rd HoliCup Lake City 2019"]
[Site "Udaipur"]
[Date "2019.03.28"]
[Round "1"]
[White "Himanshu Ranjan"]
[Black "Subramanian, T.V."]
[Result "1-0"]
[ECO "D87"]
[WhiteElo "1984"]
[BlackElo "1222"]
[Annotator "NA RC"]
[PlyCount "83"]
[EventDate "2019.??.??"]
[EventCountry "IND"]
[SourceTitle "playchess.com"]
[Source "ChessBase"]
[SourceQuality "1"]
[TimeControl "5400+30"]

1. d4 Nf6 2. c4 g6 3. Nc3 d5 4. cxd5 Nxd5 5. e4 Nxc3 6. bxc3 c5 7. Bc4 Bg7 8. Ne2 O-O 9. O-O Nc6 10. Be3 Na5 11. Bd3 Bd7 12. Rc1 Rc8 13. Qd2 Re8 14. h3 c4 15. Bc2 b6 16. f4 e6 17. e5 Bc6 18. Kh2 Qe7 19. g4 Red8 20. Ng3 Qb7 21. Qf2 Bd5 22. f5 b5 23. Rb1 Qd7 24. Bg5 Re8 25. Qf4 a6 26. Bh6 Bxh6 27. Qxh6 Qe7 28. Nh5 f6 29. Nxf6+ Kh8 30. Nxe8 Rxe8 31. fxg6 Qg7 32. Qxg7+ Kxg7 33. Rf7+ Kg8 34. Rxh7 Nc6 35. a3 Nd8 36. Rf1 a5 37. h4 Bc6 38. h5 b4 39. axb4 a4 40. Ra7 Bb5 41. h6 Nc6 42. h7+ 1-0

[Event "3rd HoliCup Lake City 2019"]
[Site "Udaipur"]
[Date "2019.03.28"]
[Round "1"]
[White "Avinash Kumar Yadav"]
[Black "Dutta, Joydeep"]
[Result "0-1"]
[ECO "B29"]
[WhiteElo "1247"]
[BlackElo "2097"]
[Annotator "NA RC"]
[PlyCount "69"]
[EventDate "2019.??.??"]
[EventCountry "IND"]
[SourceTitle "playchess.com"]
[Source "ChessBase"]
[SourceQuality "1"]
[TimeControl "5400+30"]

1. e4 c5 2. Nf3 Nf6 3. Nc3 d5 4. e5 Ne4 5. Bb5+ Bd7 6. O-O Nxc3 7. Bxd7+ Qxd7 8. bxc3 Nc6 9. d4 e6 10. Rb1 Rc8 11. Ng5 h6 12. Nh3 Be7 13. Qg4 g6 14. Ba3 cxd4 15. Bxe7 Nxe7 16. Qxd4 b6 17. f4 Qc6 18. Rf3 Qc5 19. Qxc5 Rxc5 20. Nf2 h5 21. h4 Kd7 22. Rb3 Ra5 23. a3 Nc6 24. Nd3 Rc8 25. Nb4 Nd8 26. Kf2 Nb7 27. Nd3 Ra6 28. Nb4 Ra4 29. Nd3 Na5 30. Nb2 Nxb3 31. Nxa4 Nd2 32. Rd3 Nc4 33. Rd4 b5 34. Rxc4 Rxc4 35. Nb2 0-1

[Event "3rd HoliCup Lake City 2019"]
[Site "Udaipur"]
[Date "2019.03.28"]
[Round "1"]
[White "Rao Vishwas"]
[Black "Sudhanshu Ranjan"]
[Result "0-1"]
[ECO "B22"]
[WhiteElo "1233"]
[BlackElo "2056"]
[Annotator "NA RC"]
[PlyCount "110"]
[EventDate "2019.??.??"]
[EventCountry "IND"]
[SourceTitle "playchess.com"]
[Source "ChessBase"]
[SourceQuality "1"]
[TimeControl "5400+30"]

1. e4 c5 2. c3 d5 3. e5 Nc6 4. d4 Bf5 5. Be3 cxd4 6. cxd4 e6 7. a3 Nge7 8. Nc3 Bg6 9. Bd3 Nf5 10. Nf3 Be7 11. O-O Nxe3 12. fxe3 O-O 13. Ne2 Qb6 14. Rb1 Na5 15. Bxg6 hxg6 16. Nd2 Rac8 17. b4 Nc4 18. Nxc4 Rxc4 19. Rb3 Qc7 20. Qe1 Rc2 21. g3 Qc4 22. Rc3 Qxe2 23. Qxe2 Rxe2 24. Rfc1 Bg5 25. Kf1 Rxh2 26. Kg1 Re2 27. Kf1 Rh2 28. Kg1 Ra2 29. Kf1 b6 30. Rd3 f6 31. exf6 Rxf6+ 32. Ke1 Rf3 33. Rc8+ Kh7 34. Rcc3 Rxg3 35. Kf1 Rgg2 36. e4 Raf2+ 37. Ke1 Bd2+ 38. Rxd2 Rxd2 39. exd5 exd5 40. Rh3+ Kg8 41. Re3 Rxd4 42. Re7 Re4+ 43. Rxe4 dxe4 44. a4 Kf7 45. Kf1 Ra2 46. a5 Ke6 47. axb6 axb6 48. Ke1 Ke5 49. b5 Kd4 50. Kd1 Kd3 51. Ke1 g5 52. Kf1 Ke3 53. Kg1 Kf3 54. Kh1 Kg3 55. Kg1 Ra1# 0-1

[Event "3rd HoliCup Lake City 2019"]
[Site "Udaipur"]
[Date "2019.03.28"]
[Round "1"]
[White "Kalagara Aniketh"]
[Black "Ashutosh, Kumar"]
[Result "0-1"]
[ECO "A47"]
[WhiteElo "1221"]
[BlackElo "1952"]
[Annotator "NA RC"]
[PlyCount "42"]
[EventDate "2019.??.??"]
[EventCountry "IND"]
[SourceTitle "playchess.com"]
[Source "ChessBase"]
[SourceQuality "1"]
[TimeControl "5400+30"]

1. d4 Nf6 2. Bf4 e6 3. e3 Be7 4. h3 b6 5. Nf3 Bb7 6. Nbd2 d6 7. Bd3 Nbd7 8. O-O O-O 9. c4 c5 10. Qc2 Qc7 11. Bh2 Rac8 12. Rfe1 Rfe8 13. b3 Bf8 14. Rad1 g6 15. e4 cxd4 16. Nxd4 a6 17. Kh1 Qc5 18. Bg1 Qh5 19. Be2 Qh6 20. Bf3 Ne5 21. Bh2 g5 0-1

[Event "3rd HoliCup Lake City 2019"]
[Site "Udaipur"]
[Date "2019.03.28"]
[Round "2"]
[White "Dutta, Joydeep"]
[Black "M Tulasi Ram, Kumar"]
[Result "1-0"]
[ECO "D47"]
[WhiteElo "2097"]
[BlackElo "1476"]
[Annotator "NA RC"]
[PlyCount "77"]
[EventDate "2019.??.??"]
[EventCountry "IND"]
[SourceTitle "playchess.com"]
[Source "ChessBase"]
[SourceQuality "1"]
[TimeControl "5400+30"]

1. d4 d5 2. c4 c6 3. Nc3 Nf6 4. e3 e6 5. Nf3 Be7 6. Bd3 Nbd7 7. O-O dxc4 8. Bxc4 b5 9. Bd3 Bb7 10. e4 a6 {[#]} 11. e5 $1 {LiveBook: 14 Games} Nd5 12. Nxd5 cxd5 13. Qe2 {D47: Semi-Slav: Meran System} (13. Bf4 O-O 14. g3 b4 15. h4 Bc6 16. Kg2 Bb5 17. Bxb5 axb5 18. Qd3 Qb6 19. Ng5 Bxg5 20. hxg5 Rfc8 {½-½ (49) Vorobiov,E (2564)-Voigt,M (2317) Lueneburg 2018}) 13... O-O 14. Bd2 Rc8 15. Rad1 $146 ({Predecessor:} 15. Rfc1 Qb6 16. Bg5 Bxg5 17. Nxg5 h6 18. Nf3 {½-½ (18) Donner,J-Pomar Salamanca,A Havana 1969}) 15... Re8 16. Qe3 h6 {[#]} (16... b4 $14) 17. Qf4 $1 Bf8 (17... Bc6 $142 18. Rc1 Bb7) 18. Qg3 Kh8 19. Ne1 (19. Qh3 $18) 19... b4 {[#]} 20. f4 $1 a5 21. f5 exf5 22. Bxf5 ({Don't do} 22. Rxf5 Qe7) 22... Ba6 23. Rf2 Re7 $2 (23... Rc6 $16 {might work better.} 24. Qh3 Nb6) 24. Nd3 Rc4 25. Be3 Bc8 (25... Rc6 $142 26. Qf3 Nb6) 26. Rdf1 Qe8 $2 (26... Ba6 {was necessary.} 27. Nf4 Rc6 28. Nxd5 Re8) 27. Nf4 Nb6 {[#]} (27... Nxe5 $142 28. Bxc8 (28. dxe5 Bxf5 29. e6 fxe6 $17) 28... Qxc8 29. dxe5 Qc6) 28. Bxc8 $2 (28. Ng6+ $1 Kg8 (28... fxg6 29. Bxg6) 29. Nxe7+ Qxe7 30. Bxc8 Rxc8 31. Bxh6) 28... Rxc8 29. Nh5 (29. e6 $18 Kh7 30. Qh3) 29... Rc6 30. b3 Kh7 31. Rf3 Rc2 $2 {[#]} (31... Rb7 $16 32. Rf4 Kh8) 32. Bxh6 $1 {Back Rank} f5 33. Qh3 Qg6 {[#]} 34. Bg5 $1 Kg8 35. Bxe7 Bxe7 36. Rxf5 Rxa2 37. Nf4 Qc6 38. Rh5 Kf7 39. e6+ 1-0

[Event "3rd HoliCup Lake City 2019"]
[Site "Udaipur"]
[Date "2019.03.28"]
[Round "2"]
[White "Sudhanshu Ranjan"]
[Black "Chouhan, N.c."]
[Result "0-1"]
[ECO "D88"]
[WhiteElo "2056"]
[BlackElo "1473"]
[Annotator "NA RC"]
[PlyCount "120"]
[EventDate "2019.??.??"]
[EventCountry "IND"]
[SourceTitle "playchess.com"]
[Source "ChessBase"]
[SourceQuality "1"]
[TimeControl "5400+30"]

1. d4 Nf6 2. c4 g6 3. Nc3 d5 4. cxd5 Nxd5 5. e4 Nxc3 6. bxc3 Bg7 7. Bc4 c5 8. Ne2 Nc6 9. Be3 cxd4 10. cxd4 O-O 11. O-O e6 12. Rc1 Na5 13. Bd3 b6 14. Qd2 Bb7 15. Bh6 Rc8 {D88: Exchange Grünfeld: Classical Line: 10 Be3 cxd4 11 cxd4} 16. Bxg7 Kxg7 17. Rxc8 $11 (17. Rc4 $2 ) 17... Qxc8 (17... Bxc8 18. Qf4 Bb7 19. Rc1 Qf6 20. Rc7 Qxf4 21. Nxf4 Kg8 22. f3 Rc8 23. Rxc8+ Bxc8 24. Kf2 Kf8 25. Ke3 Ke7 26. h4 Nc6 27. a3 e5 28. Ne2 {½-½ (28) Almeida Quintana,O (2519)-Gopal,G (2548) Merida 2008}) 18. Rc1 Qd7 19. f3 $146 ({Predecessor:} 19. Rc3 Rd8 20. Bc2 Ba6 21. Bd3 Bxd3 22. Rxd3 Nc4 23. Qc1 {½-½ (85) Volosin,V (2340)-Nemeth,Z (2425) Eger 1997}) 19... Rc8 20. Rxc8 Qxc8 21. Qb2 Kg8 22. Qc3 Qxc3 23. Nxc3 a6 24. Kf2 Kf8 25. Ke3 Ke7 26. h4 h6 27. g4 b5 28. a3 g5 29. h5 f6 30. e5 (30. f4) 30... Bd5 31. f4 Nc6 32. fxg5 $18 fxg5 33. a4 bxa4 34. Nxa4 a5 35. Bc2 Nb4 36. Be4 Bb3 37. Nc3 a4 38. Kd2 a3 39. Kc1 a2 40. Kb2 Bc4 41. Ka1 Kd7 42. Kb2 Kc7 43. Ka1 Kd7 44. Kb2 Ke7 45. Ka1 Kf8 46. Kb2 Kf7 47. Ka1 Bd5 48. Nxd5 exd5 49. Bg6+ Ke6 50. Bh7 Kf7 51. Bf5 Ke7 52. Bh7 Nc6 53. Kxa2 Nxd4 54. Bg8 Nf3 55. Kb3 Nxe5 56. Bxd5 Nxg4 57. Kc3 Kf6 58. Kd4 Kf5 59. Be4+ Kf4 60. Bg6 Nf6 0-1

[Event "3rd HoliCup Lake City 2019"]
[Site "Udaipur"]
[Date "2019.03.28"]
[Round "2"]
[White "Ashutosh, Kumar"]
[Black "Hingne, Shirish"]
[Result "1-0"]
[ECO "B27"]
[WhiteElo "1952"]
[BlackElo "1472"]
[Annotator "NA RC"]
[PlyCount "63"]
[EventDate "2019.??.??"]
[EventCountry "IND"]
[SourceTitle "playchess.com"]
[Source "ChessBase"]
[SourceQuality "1"]
[TimeControl "5400+30"]

1. e4 c5 2. Nf3 g6 3. c3 Bg7 4. d4 cxd4 5. cxd4 d5 6. e5 Nh6 {B27: Sicilian: 2 Nf3, unusual Black 2nd moves} (6... Nc6 7. Bb5 Nh6 8. O-O O-O 9. h3 f6 10. exf6 exf6 11. Nc3 Nf7 12. Re1 Qd6 13. Be3 Bf5 14. Rc1 Rac8 {0-1 (46) Grischuk,A (2772)-Mamedov,R (2709) Huaian 2017}) 7. h3 O-O 8. Be2 f6 9. O-O Nc6 10. Nc3 e6 $146 ({Predecessor:} 10... fxe5 11. Bxh6 Bxh6 12. Nxe5 Nxe5 13. dxe5 e6 14. Bg4 {½-½ (35) Ditiatev,S (2257)-Uryupin,I (2286) Kaluga 2012}) 11. exf6 Qxf6 12. Bg5 Qf7 $1 13. g4 Qd7 14. Bh4 Nf7 15. Bg3 Nd6 16. Ne5 Nxe5 17. dxe5 Nc4 18. Bxc4 dxc4 19. Qe2 Qc6 20. Rad1 b5 21. Rd6 Qe8 22. a4 a6 23. Rb6 Bd7 24. Rd1 Bc6 25. Rd6 Bf3 26. Qe3 b4 (26... Ra7 $16) 27. Rxe6 Qxe6 $2 (27... Qc8) 28. Rxe6 bxc3 29. bxc3 Rab8 30. Rb6 Rfd8 $2 (30... Rbd8 31. Rd6 Rb8) 31. Rxb8 Rf8 32. Rb1 $18 (32. Rxf8+ $142 Kxf8 33. Qxf3+ Ke7 34. Qb7+ Ke6 35. Qc8+ Kf7 36. e6+ Kf6 37. Qd7 Bh8 38. Qf7+ Kg5 39. Qf4#) 1-0

[Event "3rd HoliCup Lake City 2019"]
[Site "Udaipur"]
[Date "2019.03.28"]
[Round "2"]
[White "Bhatt, Pradip P."]
[Black "Rathore, S.K."]
[Result "1/2-1/2"]
[ECO "D01"]
[WhiteElo "1493"]
[BlackElo "2092"]
[Annotator "NA RC"]
[PlyCount "131"]
[EventDate "2019.??.??"]
[EventCountry "IND"]
[SourceTitle "playchess.com"]
[Source "ChessBase"]
[SourceQuality "1"]
[TimeControl "5400+30"]

1. d4 Nf6 2. Nc3 d5 3. Bg5 h6 4. Bxf6 exf6 5. e3 c6 6. Bd3 Bd6 {D01: Veresov Opening} (6... f5 7. Qd2 g6 8. Nce2 Nd7 9. c4 {½-½ (9) Laznicka,V (2670)-Erdos,V (2615) Jerusalem 2015}) 7. Nge2 O-O 8. Ng3 g6 9. Qf3 Re8 10. O-O-O Na6 $146 ({Predecessor:} 10... f5 11. h4 h5 12. Nce2 f4 13. Nxh5 gxh5 14. Qxh5 {½-½ (62) Markovic,M (2315)-Saric,S (2447) Novi Sad 2010}) 11. e4 dxe4 12. Ngxe4 f5 13. Nxd6 Qxd6 14. d5 Nc7 15. Bc4 Bd7 16. Rd2 c5 17. Qg3 $1 f4 18. Qf3 b5 19. Be2 $1 f5 20. Bd1 g5 21. Ne2 Rad8 $2 (21... Re4 $1 $15 {keeps the upper hand.}) 22. h4 Rxe2 (22... g4 $16 23. Qxf4 Re5) 23. Qxe2 g4 24. c4 Re8 25. Qd3 bxc4 26. Qxc4 Re4 27. Qc3 Bb5 28. Bb3 Be2 29. Re1 Nb5 30. Qa5 f3 31. gxf3 gxf3 32. Rg1+ Rg4 33. Rxg4+ fxg4 34. Bd1 Nd4 {[#]} 35. Qxa7 $2 (35. b4 $1 $18 Nb5 36. bxc5 Qxc5+ 37. Rc2) 35... g3 (35... Bxd1 $1 $11 36. Kxd1 g3 37. Qa8+ Kf7 38. Qb7+ Kf6 39. fxg3 Qxg3 40. Qa6+ Ke5) 36. fxg3 $14 f2 37. Rxe2 f1=Q 38. Re8+ Qff8 39. Qa8 Qxe8 40. Qxe8+ Kg7 41. Qe4 Qxg3 42. a4 Qg1 43. Qg4+ Qxg4 44. Bxg4 Kf6 45. a5 Nb3+ 46. Kc2 Nxa5 47. Kd3 Ke5 48. Bf3 Kf5 49. Kc3 Ke5 50. Bg2 Kd6 51. b4 cxb4+ 52. Kxb4 Nb7 53. Kc4 Ke5 54. Kb5 Nd6+ 55. Kc6 Nf5 56. h5 Ne7+ 57. Kd7 Nxd5 58. Bxd5 Kxd5 59. Ke7 Ke5 60. Kd7 Kf6 61. Kd6 Kg5 62. Ke5 Kxh5 63. Kf4 Kh4 64. Kf3 Kh3 65. Kf2 Kg4 66. Ke1 1/2-1/2

[Event "3rd HoliCup Lake City 2019"]
[Site "Udaipur"]
[Date "2019.03.28"]
[Round "2"]
[White "Sarvade Mihiir"]
[Black "Pandey Srishti"]
[Result "0-1"]
[ECO "E92"]
[WhiteElo "1492"]
[BlackElo "2020"]
[Annotator "NA RC"]
[PlyCount "93"]
[EventDate "2019.??.??"]
[EventCountry "IND"]
[SourceTitle "playchess.com"]
[Source "ChessBase"]
[SourceQuality "1"]
[TimeControl "5400+30"]

1. d4 Nf6 2. c4 g6 3. Nc3 Bg7 4. e4 d6 5. Nf3 O-O 6. Be2 e5 7. d5 Nfd7 {E92: King's Indian: Classical: 6 Be2 e5: 7 dxe5, 7 Be3 and Petrosian System without 7...Nbd7} (7... Nbd7 8. Be3 Ng4 9. Bg5 f6 10. Bh4 a5 11. Nd2 Nh6 12. f3 Nf7 13. Qc2 Nc5 14. O-O Bh6 15. Kh1 Bd7 16. b3 Kg7 17. Rab1 Na6 18. a3 c5 19. dxc6 bxc6 {½-½ (31) Giri,A (2780)-Rapport,R (2725) Douglas 2018}) 8. Bg5 f6 9. Bh4 Qe8 10. Nd2 Nb6 $146 ({Predecessor:} 10... f5 11. exf5 Rxf5 12. Nde4 Na6 13. O-O Ndc5 14. Bf3 Rf8 15. Re1 Nxe4 16. Nxe4 {1-0 (57) Weise,B (1764)-Weimert,M (1777) Germany 2018}) 11. b4 Bd7 12. c5 Na4 13. c6 (13. Qb3 $14 Nxc3 14. Qxc3) 13... Nxc3 14. cxb7 Na6 $1 15. bxa8=Q Qxa8 16. Qb3 Nxe2 17. Kxe2 Rb8 18. a3 Nc5 19. Qc3 (19. Qe3 $11 {remains equal.} Bb5+ 20. Kf3 Nxe4 {[%mdl 64] Remove Defender} 21. Nxe4) 19... Bb5+ 20. Kd1 {[#]} ({Don't play} 20. Kf3 $6 Na4 $11) 20... Na4 $1 {Remove Defender, Decoy} ({Much weaker is} 20... Nxe4 $6 21. Nxe4 Qxd5+ 22. Nd2 $11) 21. Qc2 (21. Qxc7 Nb2+ 22. Ke1 Nd3+ 23. Kf1 Nf4+ 24. Kg1 Ne2+ 25. Kf1 Nd4+ 26. Kg1 Rb7) 21... Rb7 ({Better is} 21... Rc8 $17 22. Qb3 c5) 22. Nb1 $2 {[#]} (22. f3 $11 {and White has nothing to worry.}) 22... Qc8 ({Black should play} 22... c6 $1 $17 23. dxc6 Rc7) 23. f3 f5 ({Black should try} 23... c5 $17 24. Nc3 Nxc3+ 25. Qxc3 Rc7) 24. h3 (24. Nd2 $11 {remains equal.}) 24... fxe4 25. fxe4 Qe8 (25... c5 $17 26. dxc6 Rc7) 26. Nc3 Nxc3+ 27. Qxc3 g5 (27... Bh6 $11 {remains equal.}) 28. Be1 (28. Bf2 $142) 28... Ba4+ 29. Kc1 c6 30. dxc6 Bxc6 31. Qe3 (31. Qd3 $14) 31... Rc7 $2 (31... Qg6 $11 {and Black is okay.}) 32. Kb2 Rf7 33. Bc3 Rf4 34. Qxa7 Bxe4 35. Rhf1 d5 36. Rxf4 gxf4 37. Qf2 (37. Qb7 $16) 37... d4 38. Bd2 {[#]} (38. Be1 $11 {was the only way to keep the balance.}) 38... Bc6 ({Better is} 38... Bg6 $1 $17 39. Be1 e4 40. Qxf4 e3) 39. Rc1 e4 $11 40. Qxf4 e3 41. Be1 d3+ 42. Bc3 d2 43. Qc4+ Qf7 44. Qxf7+ Kxf7 45. Rf1+ Kg8 46. Bxg7 e2 47. Bc3 0-1

[Event "3rd HoliCup Lake City 2019"]
[Site "Udaipur"]
[Date "2019.03.28"]
[Round "2"]
[White "Nagarkatte Vedant"]
[Black "Anadkat Kartavya"]
[Result "1/2-1/2"]
[ECO "B15"]
[WhiteElo "1476"]
[BlackElo "1998"]
[Annotator "NA RC"]
[PlyCount "121"]
[EventDate "2019.??.??"]
[EventCountry "IND"]
[SourceTitle "playchess.com"]
[Source "ChessBase"]
[SourceQuality "1"]
[TimeControl "5400+30"]

1. e4 g6 2. d4 Bg7 3. Nc3 c6 4. f4 d5 5. e5 h5 6. h3 Nh6 7. Be3 Nf5 {B15: Caro-Kann: 3 Nc3: 3...g6 and 3...dxe4 4 Nxe4 Nf6 5 Nxf6+ exf6} (7... b6 8. Bf2 Nf5 9. g3 e6 10. Bg2 Bf8 11. Qd2 Be7 12. O-O-O Nd7 13. g4 Ng7 14. Nf3 b5 15. Qe1 {1-0 (56) Popov,I (2605)-Shvedchikov,A (2405) Moscow 2012}) 8. Bf2 Nd7 9. Nf3 Nf8 10. Rg1 $146 ({Predecessor:} 10. Bd3 e6 11. Rg1 h4 12. Ne2 b6 13. c3 a5 14. Ng5 Ba6 15. g4 {0-1 (41) Campora,E (1723)-Benoit,R (2061) Montevideo 2015}) 10... h4 11. Bd3 Ne6 12. Bxf5 gxf5 13. Be3 Nf8 14. Qd2 Ng6 15. O-O-O e6 16. g4 hxg3 17. Rxg3 b6 18. Ng5 Bh6 19. Qg2 Bxg5 20. Rxg5 Qe7 21. Rg1 Ba6 22. Qg3 O-O-O 23. Rh1 Rh4 24. Qf2 Rdh8 25. Rg3 Qf8 26. Qf3 Qh6 27. Ne2 Qh5 28. Ng1 Qh6 29. Qf2 Rh5 30. Qd2 Nh4 31. Nf3 Nxf3 32. Rxf3 Rg8 33. Qf2 Qh7 34. Rg3 Rxg3 35. Qxg3 Rh6 $14 36. Qg5 Kd7 37. Qg3 Rg6 38. Qf2 Qh5 39. Rh2 Qh8 40. Rh1 Bb5 41. b3 Ba6 42. Kb2 Qh5 43. Rh2 Ke8 44. Kc1 Kf8 45. Kb2 Bb7 46. Kc1 Kg8 47. h4 Kf8 48. Kb2 Ba6 49. Kc1 Qg4 50. Kd2 Qh5 51. Ke1 Rg4 52. Kd2 Kg7 53. Ke1 Kh6 54. Kd2 Qg6 55. Ke1 Kh5 56. Qf3 Kh6 57. Qf2 Rg3 58. Rh1 Rg2 59. Rg1 Rxg1+ 60. Qxg1 Qxg1+ 61. Bxg1 1/2-1/2

[Event "3rd HoliCup Lake City 2019"]
[Site "Udaipur"]
[Date "2019.03.28"]
[Round "2"]
[White "Jaidambareesh N R"]
[Black "Himanshu Ranjan"]
[Result "1/2-1/2"]
[ECO "A01"]
[WhiteElo "1475"]
[BlackElo "1984"]
[Annotator "NA RC"]
[PlyCount "50"]
[EventDate "2019.??.??"]
[EventCountry "IND"]
[SourceTitle "playchess.com"]
[Source "ChessBase"]
[SourceQuality "1"]
[TimeControl "5400+30"]

1. b3 d5 2. Bb2 e6 3. e3 Nf6 4. d3 Be7 5. Nd2 O-O 6. Ne2 b6 7. g3 Bb7 8. Bg2 Nbd7 9. O-O c5 10. e4 Qc7 11. c4 a6 ({Black should try} 11... d4 $15) 12. h3 ({White should play} 12. cxd5 $11 exd5 13. Nf4) 12... dxe4 (12... d4 $15) 13. dxe4 b5 14. Qc2 b4 15. Rad1 a5 16. Rfe1 a4 17. Nc1 ({Better is} 17. e5 $1 $16) 17... Rfd8 18. Nd3 g6 {[#]} (18... Nb8 $11 {remains equal.}) 19. e5 $1 Ne8 20. Ne4 ({Much weaker is} 20. bxa4 Bxg2 21. Kxg2 Qc6+ 22. Ne4 Nb6 $11) 20... Qb6 21. Nf4 ({Of course not} 21. bxa4 $6 Bc6 $11) (21. f4 $16) 21... Rac8 22. h4 a3 23. Ba1 Kg7 24. h5 g5 25. Nh3 h6 $18 (25... Bxe4 $142 26. Qxe4 (26. Bxe4 Nf8 $16) 26... Nf8) 1/2-1/2

[Event "3rd HoliCup Lake City 2019"]
[Site "Udaipur"]
[Date "2019.03.28"]
[Round "2"]
[White "Ammar Habib"]
[Black "Shubham Shukla"]
[Result "0-1"]
[ECO "B28"]
[WhiteElo "1470"]
[BlackElo "1948"]
[Annotator "NA RC"]
[PlyCount "62"]
[EventDate "2019.??.??"]
[EventCountry "IND"]
[SourceTitle "playchess.com"]
[Source "ChessBase"]
[SourceQuality "1"]
[TimeControl "5400+30"]

1. e4 c5 2. Nf3 a6 3. d4 cxd4 4. Nxd4 Nf6 5. Nc3 e5 6. Nde2 Bc5 7. Ng3 Nc6 {B28: Sicilian: 2 Nf3 a6 (O'Kelly Variation)} (7... d6 8. Be2 O-O 9. O-O Nc6 10. Be3 Nd4 11. Bg5 Ne6 12. Be3 b5 13. Bxc5 dxc5 14. a4 b4 15. Nd5 Nf4 16. Bc4 Be6 17. Qe1 Nxe4 18. Rd1 Nxg3 19. Nxf4 exf4 20. Rxd8 Raxd8 21. fxg3 Bxc4 22. Rxf4 Rfe8 23. Qxe8+ Rxe8 24. Rxc4 Re5 {½-½ (24) Churkin,M (2531)-Szymanski,R (2456) ICCF email 2015}) 8. Bc4 d6 9. O-O Bg4 $146 ({Predecessor:} 9... Be6 10. Bb3 Nd4 11. Bg5 h6 12. Bxf6 Qxf6 {1-0 (43) Correa,J (2265)-Letelier Martner,R (2210) Santiago de Chile 1994}) 10. Qd2 Nd4 11. Nd5 h5 12. c3 Ne6 13. b4 Ba7 14. Kh1 $2 {[#]} (14. Qd3 $14 {keeps the upper hand.}) 14... h4 $1 15. Nxf6+ Qxf6 16. Nf5 h3 17. Nxd6+ $2 (17. g3 $17 {was the crucial defense.}) 17... Kf8 18. f3 hxg2+ 19. Qxg2 Bh3 20. Qe2 Bxf1 21. Qxf1 Nf4 (21... Qh4 $142 22. Qg2 Rd8) 22. Bxf4 Qxf4 ({Not} 22... Qxd6 23. Bg3 $17) 23. Qg2 f6 (23... Rd8 $142 24. Nf5 g6) 24. Nf5 {[#]} (24. Nxb7 $142 Rc8 25. Bxa6) 24... g6 $1 25. Ng3 Rh4 (25... Ke7 $19 {and Black stays clearly on top.} 26. Nf1 Rac8) 26. Ne2 (26. Rd1 $142) 26... Qh6 27. Rd1 $2 (27. Ng3 {is more resistant.} Ke7 28. a4) 27... Ke7 28. Ng3 Rh8 29. Nf1 Be3 30. Qe2 (30. b5 $142) 30... Bf4 31. Qd3 (31. Qf2 $19 b6 32. Kg2) 31... Rxh2+ $1 0-1

[Event "3rd HoliCup Lake City 2019"]
[Site "Udaipur"]
[Date "2019.03.29"]
[Round "3.10"]
[White "Mayank, Sharma Nandkishore"]
[Black "Dutta, Joydeep"]
[Result "1/2-1/2"]
[ECO "A41"]
[WhiteElo "1622"]
[BlackElo "2097"]
[Annotator "NA RC"]
[PlyCount "52"]
[EventDate "2019.??.??"]
[EventCountry "IND"]
[SourceTitle "playchess.com"]
[Source "ChessBase"]
[SourceQuality "1"]
[TimeControl "5400+30"]

1. d4 d6 2. e4 Nd7 3. Nf3 e5 4. Bc4 Be7 5. Nc3 c6 6. O-O Ngf6 7. Bb3 O-O 8. Re1 Qc7 {[%emt 0:03:45] C41: Philidor Defence} (8... h6 9. h3 Re8 10. Be3 Bf8 11. a4 exd4 12. Bxd4 b6 13. Qd3 Qc7 14. Nh4 Nc5 15. Bxc5 bxc5 16. Ng6 {½-½ (29) Gashimov,V (2740)-Kramnik,V (2790) Nice 2010}) 9. h3 a5 10. a3 exd4 $146 ({Predecessor:} 10... h6 11. Be3 Re8 12. Qd2 Bf8 13. d5 c5 14. Bc4 Kh7 15. Bd3 g6 16. b4 {½-½ (27) Enkhsaran,B (1380)-Amarsaikhan,D (1764) Ulaanbaatar 2016}) 11. Qxd4 Nc5 12. Bf4 Nxb3 13. cxb3 Be6 14. b4 axb4 15. axb4 Rfd8 16. Rxa8 Rxa8 17. Rd1 Ne8 18. Qe3 Qc8 19. Nd4 Bf8 20. Bg3 Ra6 21. b5 Ra5 22. Kh2 Qa8 (22... g6 $11 {remains equal.}) 23. f4 (23. e5 $5 d5 24. Nb3 $14) 23... Bc4 24. b3 Bxb5 25. Ndxb5 cxb5 26. f5 Ra1 $11 1/2-1/2